 Dungeon Crawl Stone Soup version 0.22.1-1-ga44c0e5 (webtiles) character file.

6417 llanowor the Cleaver (level 11, -27/75 HPs)
             Began as a Human Berserker on Oct 25, 2018.
             Was an Elder of Trog.
             Annihilated by an orc warrior
             ... wielding a +0 hand axe
              (30 damage)
             ... on level 2 of the Orcish Mines.
             The game lasted 01:48:12 (13815 turns).

llanowor the Cleaver (Human Berserker)             Turns: 13815, Time: 01:48:13

Health: -27/75     AC: -5    Str: 20    XL:     11   Next: 18%
Magic:  11/11      EV: 10    Int:  7    God:    Trog [****..]
Gold:   900        SH:  0    Dex: 18    Spells: 10/10 levels left

rFire    + + +     SeeInvis .   a - +4 battleaxe
rCold    x . .     Gourm    .   (shield currently unavailable)
rNeg     . . .     Faith    .   i - +0 fire dragon scales
rPois    .         Spirit   .   d - +0 helmet (curse)
rElec    .         Reflect  .   k - +0 cloak
rCorr    .         Harm     .   (no gloves)
MR       .....                  (no boots)
Stlth    ..........             (no amulet)
HPRegen  0.22/turn              g - ring of protection from fire
MPRegen  0.12/turn              s - +4 ring of dexterity

@: about to teleport, corroded, berserk cooldown, slowed, drained, very slow
A: no striking features
a: Berserk, Trog's Hand, Brothers in Arms, Renounce Religion


You were on level 2 of the Orcish Mines.
You worshipped Trog.
Trog was greatly pleased with you.
You were very hungry.

You visited 2 branches of the dungeon, and saw 11 of its levels.

You collected 900 gold pieces.

Inventory:

Hand Weapons
 a - a +4 battleaxe (weapon)
 b - a +0 shortbow
Missiles
 B - 84 arrows
 G - 15 tomahawks (quivered)
Armour
 d - a cursed +0 helmet (worn)
 i - +0 fire dragon scales (worn)
 k - a +0 cloak (worn)
Jewellery
 g - a ring of protection from fire (left hand)
 s - a +4 ring of dexterity (right hand)
 v - an uncursed ring of see invisible {unknown}
 w - a +3 ring of strength {unknown}
 y - an uncursed ring of see invisible {unknown}
 P - an uncursed ring of stealth {unknown}
Wands
 x - a wand of digging (34)
 I - a wand of flame (64)
Scrolls
 f - 2 scrolls of teleportation
 u - 2 scrolls of amnesia
 M - a scroll of holy word {unknown}
Potions
 e - a potion of resistance {unknown}
 l - 6 potions of curing
 m - 2 potions of mutation {unknown}
 n - 2 potions of agility {unknown}
 q - 2 potions of haste {unknown}
 r - a potion of berserk rage {unknown}
 t - a potion of brilliance {unknown}
 z - a potion of might
 C - 2 potions of degeneration {unknown}
 E - a potion of ambrosia {unknown}
 F - 2 potions of flight {unknown}
Comestibles
 c - 9 rations


   Skills:
 - Level 3.0(2.4) Fighting
 + Level 12.3(11.7) Axes
 - Level 1.7(1.1) Bows
 * Level 10.6(9.9) Armour
 - Level 2.0(1.4) Dodging
 - Level 0.1(0.0) Stealth


You had 10 spell levels left.
You didn't know any spells.
Your spell library was empty.

Dungeon Overview and Level Annotations

Branches:
Dungeon (9/15)             Temple (0/1) D:7             Orc (2/2) D:9
   Lair: D:8-11         Elf: Orc:2

Altars:
Dithmenos
Elyvilon
Fedhas
Gozag
Hepliaklqana
Makhleb
Nemelex Xobeh
Ru
Sif Muna
Trog
Uskayaw
Vehumet
Wu Jian
Yredelemnul
Zin
Beogh

Shops:
Orc:2 %!

Annotations:
D:5 2 transporters


Message History

You hit the rust devil but do no damage.
You closely miss the orc warrior.
You are no longer berserk.
You are exhausted.
You feel yourself slow down. The rust devil hits you.
The rust devil corrodes you! The orc warrior closely misses you.
The orc warrior hits you from afar with a glaive!
* * * LOW HITPOINT WARNING * * *
Okay, then.
Okay, then.
Okay, then.
As you read the scroll of teleportation, it crumbles to dust.
You feel strangely unstable. The orc barely misses you.
The rust devil hits you.
* * * LOW HITPOINT WARNING * * *
The rust devil corrodes you! The rust devil hits you.
* * * LOW HITPOINT WARNING * * *
The rust devil corrodes you!
The orc warrior hits you with a hand axe!!
You die...

..........$....... #.#
.................. #∩.∩
.................. #....
.................# #..#.#
................# #oo..
.........o$.4..###ooo#.#.
.........3ho..###o)ooo...
.............###o4#
............###.@##
...........###..##
..........###..##
..........##..##
.............##
............##
...........##
..........##
...........##


You could see an orc knight, a rust devil, 4 orc warriors and 3 orcs.

Vanquished Creatures
  A two-headed ogre (D:8)
  An orc sorcerer (Orc:2)
  A hornet (D:8)
  A troll (D:9)
  Grinder (D:3)
  2 wraiths (D:8)
  A water moccasin (D:5)
  2 ice beasts
  3 orc warriors
  An eye of draining (D:4)
  4 sky beasts
  A black bear (D:7)
  2 centaurs
  6 ogres
  3 big kobolds
  2 bullfrogs (D:6)
  An elf zombie (D:8)
  3 scorpions
  6 killer bees (D:8)
  A troll zombie (D:8)
  11 wights
  A howler monkey (D:8)
  3 crimson imps
  3 hounds
  3 human zombies (D:8)
  4 jellies
  A quasit (D:8)
  3 orc priests (Orc:2)
  Crazy Yiuf (D:2)
  2 centaur skeletons
  A human skeleton (D:8)
  2 iguanas
  2 orc wizards
  7 worker ants
  A hound zombie (D:8)
  A hound skeleton (D:6)
  A mummy (D:8)
  A worker ant zombie (D:8)
  4 gnolls
  11 adders
  A shadow imp (D:5)
  3 oozes
  An adder zombie (D:8)
  2 adder skeletons
  5 worms
  A dart slug (D:1)
  2 leopard geckos (D:6)
  19 orcs
  5 bats
  7 giant cockroaches
  10 goblins
  4 hobgoblins
  5 jackals
  16 kobolds
  4 quokkas
  3 ball pythons
  3 frilled lizards
  A jackal skeleton (D:7)
  An orc zombie (D:8)
  7 rats
  A spectral orc (D:4)
  A fungus (D:8)
  A plant (D:8)
209 creatures vanquished.

Vanquished Creatures (collateral kills)
  An orc warrior (Orc:2)
  An orc (Orc:2)
2 creatures vanquished.

Vanquished Creatures (others)
  A sky beast (D:7)
  A fungus (D:8)
2 creatures vanquished.

Grand Total: 213 creatures vanquished

Notes
Turn   | Place    | Note
-------+----------+-------------------------------------------
     0 | D:1      | llanowor the Human Berserker began the quest for the Orb.
     0 | D:1      | Reached XP level 1. HP: 18/18 MP: 1/1
    90 | D:1      | Reached XP level 2. HP: 11/24 MP: 2/2
   764 | D:1      | Reached XP level 3. HP: 28/29 MP: 3/3
   899 | D:1      | Reached skill level 4 in Axes
  1435 | D:2      | Found a runed door.
  1439 | D:2      | Noticed Crazy Yiuf
  1449 | D:2      | Killed Crazy Yiuf
  1449 | D:2      | Reached XP level 4. HP: 5/35 MP: 4/4
  1676 | D:2      | Reached skill level 5 in Axes
  1788 | D:2      | Reached ** piety under Trog
  2008 | D:2      | Found a sparkling altar of Nemelex Xobeh.
  2040 | D:2      | Reached XP level 5. HP: 37/41 MP: 5/5
  2342 | D:2      | Found a sparkling altar of Nemelex Xobeh.
  2753 | D:3      | Noticed Grinder
  2769 | D:3      | Killed Grinder
  2769 | D:3      | Reached skill level 7 in Axes
  2769 | D:3      | Reached XP level 6. HP: 23/47 MP: 6/6
  2792 | D:3      | Noticed a dagger
  2792 | D:3      | Noticed a hand axe
  2796 | D:3      | Found a hide-covered altar of Uskayaw.
  2932 | D:3      | Found an opulent altar of Gozag.
  3433 | D:3      | Found a blossoming altar of Fedhas.
  3578 | D:4      | Reached XP level 7. HP: 34/52 MP: 7/7
  3748 | D:4      | Found a bloodstained altar of Trog.
  3779 | D:4      | Reached skill level 8 in Axes
  3969 | D:5      | Entered Level 5 of the Dungeon
  4435 | D:4      | Found a hazy altar of Hepliaklqana.
  4883 | D:4      | Reached XP level 8. HP: 31/58 MP: 8/8
  5746 | D:4      | Found a basalt altar of Yredelemnul.
  5934 | D:5      | Reached *** piety under Trog
  6197 | D:5      | Reached skill level 5 in Armour
  6370 | D:5      | Found a transporter.
  6979 | D:5      | Found a deep blue altar of Sif Muna.
  7019 | D:5      | Found a transporter.
  7184 | D:5      | Found a shadowy altar of Dithmenos.
  7811 | D:6      | Reached XP level 9. HP: 44/63 MP: 9/9
  8030 | D:6      | Reached skill level 1 in Bows
  8485 | D:6      | Found a burning altar of Makhleb.
  8803 | D:6      | Reached skill level 9 in Axes
  9288 | D:7      | Found an ornate altar of the Wu Jian Council.
  9662 | D:7      | Found a radiant altar of Vehumet.
  9704 | D:7      | Found a staircase to the Ecumenical Temple.
  9986 | D:7      | Found a glowing silver altar of Zin.
  9988 | D:7      | Found a white marble altar of Elyvilon.
 10138 | D:8      | Noticed a hornet
 10145 | D:8      | Killed a hornet
 10145 | D:8      | Reached skill level 10 in Axes
 10145 | D:8      | Reached XP level 10. HP: 12/70 MP: 10/10
 10698 | D:8      | Noticed a two-headed ogre
 10712 | D:8      | Killed a two-headed ogre
 10712 | D:8      | Reached skill level 11 in Axes
 10714 | D:8      | Reached **** piety under Trog
 11597 | D:8      | Found a basalt altar of Yredelemnul.
 11820 | D:8      | Reached skill level 10 in Armour
 12340 | D:8      | Found a sacrificial altar of Ru.
 12499 | D:9      | Found a staircase to the Orcish Mines.
 12507 | Orc:1    | Entered Level 1 of the Orcish Mines
 12517 | D:9      | Reached skill level 12 in Axes
 12517 | D:9      | Reached XP level 11. HP: 34/75 MP: 11/11
 12800 | Orc:2    | Entered Level 2 of the Orcish Mines
 13056 | Orc:2    | Found a roughly hewn altar of Beogh.
 13349 | Orc:2    | Noticed an orc sorcerer
 13352 | Orc:2    | Paralysed by an orc sorcerer for 6 turns
 13354 | Orc:2    | Noticed a soul eater
 13356 | Orc:2    | Noticed a sun demon
 13363 | Orc:2    | Paralysed by an orc sorcerer for 2 turns
 13368 | Orc:2    | HP: 1/112 [soul eater/drain life[an orc sorcerer] (6)]
 13448 | Orc:2    | Killed an orc sorcerer
 13799 | Orc:2    | Found Yhakuok's Food Emporium.
 13799 | Orc:2    | Noticed an orc knight
 13803 | Orc:2    | Found Lidinn's Distillery.
 13806 | Orc:2    | Noticed a sixfirhy
 13814 | Orc:2    | HP: 3/75 [rust devil (2)]
 13815 | Orc:2    | Annihilated by an orc warrior

Skill      XL: |  1  2  3  4  5  6  7  8  9 10 |
---------------+-------------------------------+-----
Axes           | 4 5 7 8 10 12 | 12.3
Armour         | 7 9 10 | 10.6
Bows           | 1 |  1.7
Fighting       | |  3.0
Dodging        | |  2.0
Stealth        | |  0.1

Action                   |  1- 3 |  4- 6 |  7- 9 | 10-12 || total
-------------------------+-------+-------+-------+-------++-------
Melee: Hand axe          |    87 |   199 |   276 |       ||   562
       Battleaxe         |       |       |    79 |   271 ||   350
 Fire: Shortbow          |       |       |    27 |    15 ||    42
Throw: Stone             |       |       |     4 |       ||     4
       Tomahawk          |       |       |     1 |    15 ||    16
Invok: Berserk           |     1 |     1 |    15 |     6 ||    23
       Trog's Hand       |       |     1 |       |     1 ||     2
       Brothers in Arms  |       |       |       |     2 ||     2
Evoke: Wand              |       |       |     1 |       ||     1
  Use: Scroll            |       |     3 |     8 |    12 ||    23
       Potion            |       |       |     1 |     3 ||     4
  Eat: Chunk             |     2 |     5 |    18 |     7 ||    32
       Ration            |       |     1 |     5 |     3 ||     9
Armor: Animal skin       |     9 |       |       |       ||     9
       Ring mail         |    13 |    50 |    84 |     5 ||   152
       Fire dragon scale |       |       |       |   176 ||   176
Dodge: Dodged            |    43 |    95 |   137 |   159 ||   434
